 Dungeon Crawl Stone Soup version 0.23-a0-650-ga4d50d4 (webtiles) character file.

40 Lanoc the Slasher (level 3, -18/33 HPs)
             Began as a Minotaur Chaos Knight on Jan 5, 2019.
             Was a Plaything of Xom.
             Demolished by a spatial vortex (24 damage)
             ... summoned by the capriciousness of Xom
             ... on level 2 of the Dungeon.
             The game lasted 00:01:43 (1049 turns).

Lanoc the Slasher (Minotaur Chaos Knight)           Turns: 1049, Time: 00:01:44

Health: -18/33     AC:  5    Str: 17    XL:     3   Next: 30%
Magic:  2/2        EV: 12    Int:  9    God:    Xom [..*...]
Gold:   66         SH:  0    Dex:  9    Spells: 2/2 levels left

rFire    . . .     SeeInvis .   a - +0 falchion (chaos)
rCold    . . .     Gourm    .   (no shield)
rNeg     . . .     Faith    .   b - +2 leather armour
rPois    +         Spirit   .   (helmet restricted)
rElec    .         Reflect  .   (no cloak)
rCorr    .         Harm     .   (no gloves)
MR       .....                  (no boots)
Stlth    +.........             (no amulet)
HPRegen  0.11/turn              d - ring of poison resistance
MPRegen  0.08/turn              (no ring)

@: no status effects
A: retaliatory headbutt, horns 2
a: Renounce Religion


You were on level 2 of the Dungeon.
You worshipped Xom.
You were a toy of Xom.
You were hungry.

You visited 1 branch of the dungeon, and saw 2 of its levels.

You collected 66 gold pieces.

Inventory:

Hand Weapons
 a - a +0 falchion of chaos (weapon)
Armour
 b - a +2 leather armour (worn)
Jewellery
 d - a ring of poison resistance (left hand)
Scrolls
 f - a scroll of blinking {unknown}
 g - a scroll of identify {unknown}
 h - 2 scrolls of remove curse {unknown}
 i - a scroll of fear {unknown}
Potions
 e - a potion of magic {unknown}
Comestibles
 c - 2 rations


   Skills:
 + Level 4.0 Fighting
 * Level 4.4 Long Blades
 + Level 3.0 Armour
 + Level 1.8 Dodging


You had 2 spell levels left.
You didn't know any spells.
Your spell library was empty.

Dungeon Overview and Level Annotations

Branches:
Dungeon (2/15)

Altars:


Innate Abilities, Weirdness & Mutations

You reflexively headbutt those who attack you in melee.
You have a pair of horns on your head.


Message History

You are too injured to fight recklessly!
Xom notices you. Smoke pours from your ears!
You see here a rat corpse.
You are feeling hungry.
Xom's attention turns to you for a moment.
Space twists in upon itself!
A spatial vortex comes into view.
You hit the spatial vortex.
Your headbutt misses the spatial vortex.
The spatial vortex is lightly damaged.
The spatial vortex closely misses you. The ogre misses you.
You riposte.
You closely miss the ogre.
The ogre is heavily wounded.
You closely miss the ogre. Your headbutt misses the ogre.
The ogre is heavily wounded.
The spatial vortex hits you!!
Ouch! That really hurt!
You die...
Xom is highly amused!

#.# #.# #§#
#.# #.# #.#
..# #.# #†#
.####.# #.#
......# #.#
.###### #§#
## #.#####
# #.
#...O.# #
#. #####@#
#. #v# #.
#.# ### #.
#.# ..#
#.## #.#
#.# #..#
#.# #.# #.#
#.#
#.#######.#
#.#
#.#†......#
#.#


You could see a spatial vortex and an ogre.

Vanquished Creatures
  A dart slug (D:1)
  A leopard gecko (D:1)
  2 giant cockroaches (D:1)
  8 goblins
  A hobgoblin (D:1)
  2 jackals (D:1)
  5 kobolds
  8 bats
  A frilled lizard (D:1)
  4 rats
33 creatures vanquished.

Notes
Turn   | Place    | Note
-------+----------+-------------------------------------------
     0 | D:1      | Lanoc the Minotaur Chaos Knight began the quest for the
                  | Orb.
     0 | D:1      | Reached XP level 1. HP: 19/19 MP: 0/0
    97 | D:1      | Reached XP level 2. HP: 27/27 MP: 1/1
   673 | D:1      | Reached XP level 3. HP: 23/33 MP: 2/2
  1021 | D:2      | Noticed an ogre
  1029 | D:2      | XOM: smoke on damage
  1036 | D:2      | XOM: mild Conj miscast
  1047 | D:2      | XOM: mild Tloc miscast
  1048 | D:2      | Noticed a spatial vortex
  1049 | D:2      | Demolished by a spatial vortex

Vault maps used:
D:1:      dpeg_arrival_subterranean_lakeside_camping
D:2:      first_ration, serial_glass, glass_columns_a, glass_columns_c,
          nemelex_dance_club_becter, uniq_natasha

Skill      XL: |  1  2  3 |
---------------+----------+-----
Long Blades    | 4 |  4.4
Fighting       | 4 |  4.0
Armour         | 3 |  3.0
Dodging        | |  1.8

Action                   || total
-------------------------++-------
Melee: Falchion          ||    67
       Headbutt          ||    11
 Stab: Paralysed         ||     1
Armor: Leather armour    ||    29
Dodge: Dodged            ||    47
       Rpst.: Falchion   ||    15

Table legend:
 A = Non-vault XP
 B = Vault XP
 C = Vault XP percentage of total XP
 D = Non-vault monster count
 E = Vault monster count
 F = Vault count percentage of total count
                 A         B        C        D         E       F
            +---------+---------+-------+---------+---------+-------
      Total |      49 |       9 |  15.5 |      27 |       6 |  18.2
            +---------+---------+-------+---------+---------+-------
        D:1 |      37 |       9 |  19.6 |      19 |       6 |  24.0
        D:2 |      12 |       0 |   0.0 |       8 |       0 |   0.0
            +---------+---------+-------+---------+---------+-------
